 Dungeon Crawl Stone Soup version 0.25-a0-697-g890751e (webtiles) character file.

Game seed: 5146335954674948990, levelgen mode: deterministic

9 Faels the Sneak (level 2, 21/22 HPs)
             Began as a Demonspawn Assassin on Apr 1, 2020.
             Quit the game on level 1 of the Dungeon.
             The game lasted 00:00:27 (233 turns).

Faels the Sneak (Demonspawn Assassin)                Turns: 233, Time: 00:00:28

Health: 21/22      AC:  3    Str: 11    XL:     2   Next: 3%
Magic:  2/2        EV: 12    Int: 12    God:
Gold:   9          SH:  0    Dex: 14    Spells: 1/1 levels left

rFire    . . .     SeeInvis .   a - +2 dagger
rCold    . . .     Gourm    .   (no shield)
rNeg     . . .     Faith    .   b - +0 robe
rPois    .         Spirit   .   (no helmet)
rElec    .         Reflect  .   c - +0 cloak
rCorr    .         Harm     .   (no gloves)
MR       .....                  (no boots)
Stlth    ++........             (no amulet)
HPRegen  0.07/turn              (no ring)
MPRegen  0.08/turn              (no ring)

@: no status effects
A: claws 1
a: no special abilities


You were on level 1 of the Dungeon.
You were not hungry.

You visited 1 branch of the dungeon, and saw 1 of its levels.

You collected 9 gold pieces.

Inventory:

Hand Weapons
 a - a +2 dagger (weapon)
Missiles
 d - 8 poisoned darts (quivered)
 e - 2 curare-tipped darts
Armour
 b - a +0 robe (worn)
 c - a +0 cloak (worn)
Scrolls
 g - 2 scrolls of teleportation {unknown}
Comestibles
 f - 2 rations
 h - 5 chunks of flesh


   Skills:
 + Level 2.1 Fighting
 + Level 1.9 Short Blades
 + Level 1.9 Throwing
 + Level 1.1 Dodging
 + Level 3.7 Stealth


You had one spell level left.
You didn't know any spells.
Your spell library was empty.

Dungeon Overview and Level Annotations

Branches:
Dungeon (1/15)

Altars:


Innate Abilities, Weirdness & Mutations

You have sharp fingernails.


Message History

The giant cockroach is moderately wounded.
The giant cockroach bites you.
You hit the giant cockroach.
The giant cockroach is severely wounded.
The giant cockroach bites you but does no damage.
You hit the giant cockroach.
You kill the giant cockroach!
You have reached level 2!
Your demonic ancestry asserts itself...
Your fingernails lengthen.
You start resting.
HP restored.
f - 2 rations (gained 1)
Found a robe.
A bat comes into view.
You closely miss the bat. The bat hits you.
The bat hits you but does no damage.
Quiver which item? (- for none, * to show all) (? for menu, Esc to quit)
Okay, then.
Are you sure you want to abandon this character and quit the game? (Confirm with "yes".)

#♣.♣.##.####
##..# #...
#.♣.♣.....♣
####.#.###...♣
#....♣[♣ ....♣
#.##.#.####..♣
#.##.♣.♣###..♣
#.##......b..♣
#.####..@....♣
#.# #####...♣
#.# ...♣ #.#
...$. #..
......#
....### .....
.#####


You could see a bat.

Vanquished Creatures
  A dart slug (D:1)
  2 giant cockroaches (D:1)
  A goblin (D:1)
  A hobgoblin (D:1)
  A rat (D:1)
6 creatures vanquished.

Notes
Turn   | Place    | Note
-------+----------+-------------------------------------------
     0 | D:1      | Faels the Demonspawn Assassin began the quest for the Orb.
     0 | D:1      | Reached XP level 1. HP: 16/16 MP: 1/1
    73 | D:1      | Reached skill level 1 in Dodging
   119 | D:1      | Gained mutation: You have sharp fingernails. [demonic
                  | ancestry]
   119 | D:1      | Reached XP level 2. HP: 16/22 MP: 2/2
   233 | D:1      | Quit the game

Levels and vault maps discovered:
D:1:      grunt_arrival_lava_bath, layout_loops_ring, serial_forest,
          infiniplex_forest_clump_medium, infiniplex_forest_straight_1,
          infiniplex_forest_diagonal, infiniplex_forest_straight_3,
          infiniplex_forest_lined_ring, infiniplex_forest_lined_room_,
          infiniplex_forest_clump_small, infiniplex_forest_3_way,
          infiniplex_forest_lined_3, minmay_misc_feat_ornament,
          serial_bayou_pond_e

Skill      XL: |  1 |
---------------+----+-----
Dodging        | 1 |  1.1
Fighting       | |  2.1
Short Blades   | |  1.9
Throwing       | |  1.9
Stealth        | |  3.7

Action                   || total
-------------------------++-------
Melee: Dagger            ||    23
Armor: Robe              ||     6
Dodge: Dodged            ||     8

Table legend:
 A = Non-vault XP
 B = Vault XP
 C = Vault XP percentage of total XP
 D = Non-vault monster count
 E = Vault monster count
 F = Vault count percentage of total count
                 A         B        C        D         E       F
            +---------+---------+-------+---------+---------+-------
      Total |      13 |       0 |   0.0 |       6 |       0 |   0.0
            +---------+---------+-------+---------+---------+-------
        D:1 |      13 |       0 |   0.0 |       6 |       0 |   0.0
            +---------+---------+-------+---------+---------+-------
